 Dungeon Crawl Stone Soup version 0.29-a0-322-g68df515428 (webtiles) character file.

Game seed: 13638934727261371596

65 zishaf the Ducker (level 3, 0/16 HPs)
             Began as a Felid Transmuter on Apr 6, 2022.
             Succumbed to an adder's poison
             ... on level 3 of the Dungeon.
             The game lasted 00:03:09 (3176 turns).

zishaf the Ducker (Felid Transmuter)                Turns: 3176, Time: 00:03:09

Health: 0/16       AC:  1    Str:  6    XL:     3   Next: 94%
Magic:  7/7        EV: 18    Int: 16    God:
Gold:   128        SH:  0    Dex: 16    Spells: 5/6 levels left
                                        Lives:  0   Deaths: 0

rFire   . . .      SeeInvis +     - Unarmed
rCold   . . .      Faith    .   (shield unavailable)
rNeg    . . .      Spirit   .   (body armour unavailable)
rPois   .          Reflect  .   (helmet unavailable)
rElec   .          Harm     .   (cloak unavailable)
rCorr   .          Rampage  .   (gloves unavailable)
Will    .....                   (boots unavailable)
Stlth   ++........              g - amulet of the acrobat
HPRegen 0.05/turn               (no ring)
MPRegen 0.10/turn               (no ring)

@: lethally poisoned (0 -> -1), quick
A: very small, claws 1, fangs 3, see invisible, speed 1, shaggy fur 1, stealthy
paws, no weapons or thrown items, no armour, multi-lived
a: no special abilities


You were on level 3 of the Dungeon.
You visited 1 branch of the dungeon, and saw 3 of its levels.

You collected 128 gold pieces.

Inventory:

Jewellery
 g - an amulet of the acrobat (around neck)
Wands
 f - a wand of flame (22)
 n - a wand of iceblast (8)
Scrolls
 d - 2 scrolls of teleportation {unknown}
 e - a scroll of identify {unknown}
 j - a scroll of holy word {unknown}
 k - a scroll of noise {unknown}
 m - a scroll of fear {unknown}
Potions
 a - a potion of lignification
 b - a potion of might {unknown}
 c - 2 potions of degeneration {unknown}
 h - a potion of flight {unknown}
 i - a potion of curing {unknown}
 l - 3 potions of cancellation {unknown}


   Skills:
 + Level 1.9 Fighting
 + Level 3.5 Dodging
 + Level 2.1 Stealth
 + Level 3.3 Unarmed Combat
 - Level 2.0 Spellcasting
 + Level 2.9 Transmutations


You had 5 spell levels left.
You knew the following spells:

 Your Spells              Type           Power      Damage    Failure   Level
a - Beastly Appendage     Tmut           20%        N/A       6%          1

Your spell library contained the following spells:

 Spells                   Type           Power      Damage    Failure   Level
 Wereblood                Tmut           10%        N/A       10%         2
 Spider Form              Tmut/Pois      6%         N/A       34%         3
 Ice Form                 Ice/Tmut       6%         N/A       75%         4


Dungeon Overview and Level Annotations

Branches:
Dungeon (3/15)

Altars:


Innate Abilities, Weirdness & Mutations

You have sharp claws.
You have razor-sharp teeth.
You have supernaturally acute eyesight. (SInv)
You cover ground quickly. (Speed+)
You are covered in fur. (AC +1)
Your paws help you pounce on unaware monsters.
You are incapable of wielding weapons or throwing items.
You cannot wear armour.
You gain extra lives every three experience levels.


Message History

You barely miss the adder. You headbutt the adder.
The adder is lightly wounded.
You feel sick. The adder bites you but does no damage.
You miss the adder. Your headbutt misses the adder.
The adder is lightly wounded.
You feel sick. The adder bites you but does no damage.
You miss the adder. You headbutt the adder.
The adder is moderately wounded.
You feel sick. The adder barely misses you. The adder closely misses you.
You barely miss the adder. Your bite misses the adder.
The adder is moderately wounded.
You feel sick. The adder bites you but does no damage.
You scratch the adder.
The adder is heavily wounded.
Your horns disappear.
You feel sick.
You are no longer poisoned.
The adder bites you.
You are lethally poisoned!
The adder poisons you!
You scratch the adder.
The adder is severely wounded.
* * * LOW HITPOINT WARNING * * *
You feel sick. The adder misses you.
You completely miss the adder.
The adder is severely wounded.
* * * LOW HITPOINT WARNING * * *
You feel sick. The adder barely misses you.
The adder bites you but does no damage.
You scratch the adder.
The adder is almost dead.
* * * LOW HITPOINT WARNING * * *
You feel sick. The adder misses you.
You barely miss the adder.
The adder is almost dead.
* * * LOW HITPOINT WARNING * * *
You feel sick. The adder misses you.
You scratch the adder.
You kill the adder!
You die...

#............#.#
#.<.###...####.#
#...# #.⌠.#....#
##### #...#...#
##...#..#
#.....).#
#.......#
#.......#
######@## #†.#
..... #.##### #.
#. #. #?


There were no monsters in sight!

Vanquished Creatures
  3 adders
  A worm (D:3)
  4 dart slugs
  2 endoplasms (D:1)
  A giant cockroach (D:1)
  4 goblins (D:1)
  2 hobgoblins (D:1)
  4 kobolds
  A quokka (D:2)
  5 ball pythons
  8 bats
  2 frilled lizards
  3 rats
40 creatures vanquished.

Notes
Turn   | Place    | Note
-------+----------+-------------------------------------------
     0 | D:1      | zishaf the Felid Transmuter began the quest for the Orb.
     0 | D:1      | Reached XP level 1. HP: 9/9 MP: 4/4
   304 | D:1      | Reached XP level 2. HP: 9/12 MP: 4/6
   307 | D:1      | Reached skill level 1 in Stealth
  1274 | D:1      | Found a faded altar of an unknown god.
  1957 | D:2      | Reached XP level 3. HP: 13/15 MP: 5/7
  3176 | D:3      | Succumbed to an adder's poison

Illustrated notes

Levels and vault maps discovered:
D:1:      nicolae_arrival_somewhat_less_tricky_arrival, layout_basic,
          chequers_ecumenical_altar_grove, minmay_heptomino_w4
D:2:      layout_basic
D:3:      minmay_door_path, layout_rooms, okawaru_trees_2,
          nicolae_gozag_seed_capital, nicolae_elevator_lobby_asterisk

Skill      XL: |  1  2  3 |
---------------+----------+-----
Dodging        | 3 |  3.5
Stealth        | 1 2 |  2.1
Fighting       | |  1.9
Unarmed Combat | |  3.3
Spellcasting   | |  2.0
Transmutations | |  2.9

Action                   || total
-------------------------++-------
Melee: Unarmed           ||   107
       Headbutt          ||    17
       Bite              ||     5
       Punch             ||     1
 Cast: Beastly Appendage ||    23
 Stab: Sleeping          ||     8
Armor: Skin              ||     9
Dodge: Dodged            ||    72

Table legend: (Time is in decaauts)
 A = Elapsed time spent in this place.
 B = Non-inter-level travel time spent in this place.
 C = Inter-level travel time spent in this place.
 D = Time resting spent in this place.
 E = Time spent auto-exploring this place.
 F = Levels seen in this place.
 G = Mean time per level.
                   A        B        C        D        E       F      G
               +--------+--------+--------+--------+--------+-----+--------+
         Total |   2821 |   2676 |    145 |    484 |   1898 |   3 |  940.3 |
       Dungeon |   2821 |   2676 |    145 |    484 |   1898 |   3 |  940.3 |
               +--------+--------+--------+--------+--------+-----+--------+

Top non-repeatable levels by time:
     D:1: 1611 daAuts
     D:2: 1061 daAuts
     D:3: 147 daAuts
